[Event "ICC tourney 2533 (25 5)"]
[Site "Internet Chess Club"]
[Date "2021.04.24"]
[Round "4"]
[White "KIM, JOON:K09-16270585"]
[Black "CARRASCO, CHRISTIAN:K09-15929632"]
[Result "0-1"]
[ICCResult "White checkmated"]
[WhiteElo "1182"]
[BlackElo "1734"]
[Opening "Two knights defense"]
[ECO "C55"]
[NIC "KP.02"]
[Time "17:03:31"]
[PlyCount "110"]
[TimeControl "1500+5"]

1. e4 e5 2. Nf3 Nc6 3. d4 exd4 4. Bc4 Nf6 5. O-O d6 6. Nxd4 Nxd4 7. Qxd4
Be7 8. Nc3 O-O 9. Re1 Re8 10. Bg5 a6 11. Qe3 Bd7 12. Bd3 Bc6 13. Qh3 Bd7
14. Qh4 h6 15. Bf4 Nxe4 16. Qh5 Nf6 17. Qd1 Bc6 18. Qd2 Bf8 19. Rxe8 Qxe8
20. Re1 Qd7 21. Be4 Nxe4 22. Nxe4 Bxe4 23. Rxe4 Re8 24. Qd3 Rxe4 25. Qxe4
Qe6 26. Qxe6 fxe6 27. Kf1 Kf7 28. Ke2 Kf6 29. g4 e5 30. Be3 d5 31. c3 c5
32. Kd3 Ke6 33. f4 d4 34. cxd4 exd4 35. Bd2 Kd5 36. g5 hxg5 37. fxg5 c4+
38. Ke2 Ke4 39. h4 g6 40. a4 b5 41. axb5 axb5 42. h5 gxh5 43. g6 Bg7 44.
Bg5 c3 45. bxc3 dxc3 46. Kd1 Kd3 47. Kc1 b4 48. Be7 b3 49. Ba3 b2+ 50. Bxb2
cxb2+ 51. Kb1 Kc3 52. Ka2 Kc2 53. Ka3 b1=Q 54. Ka4 Bc3 55. g7 Qb4# { White
checkmated } 0-1

[Event "ICC tourney 2533 (25 5)"]
[Site "Internet Chess Club"]
[Date "2021.04.24"]
[Round "4"]
[White "CHUGH, ROHAN:K09-16024710"]
[Black "LI, EDWARD:K09-16292831"]
[Result "0-1"]
[ICCResult "White resigns"]
[WhiteElo "1072"]
[BlackElo "1595"]
[Opening "Four knights: Italian variation"]
[ECO "C47"]
[NIC "KP.06"]
[Time "17:07:12"]
[PlyCount "74"]
[TimeControl "1500+5"]

1. e4 e5 2. Nf3 Nc6 3. Nc3 Nf6 4. Bc4 Nxe4 5. Nxe4 d5 6. Bd3 f5 7. Ng3 e4
8. Bb5 exf3 9. Qxf3 Bc5 10. c3 O-O 11. d4 Be7 12. O-O a6 13. Bxc6 bxc6 14.
Re1 f4 15. Nh5 Bd6 16. Bxf4 Bxf4 17. Nxf4 g5 18. Ne6 Bxe6 19. Qg3 Bf5 20.
Re5 h6 21. h4 Kh7 22. hxg5 Qxg5 23. Qxg5 hxg5 24. Re7+ Kg6 25. Rxc7 Rfc8
26. Re7 Kf6 27. Rae1 Be4 28. Rd7 Rd8 29. Rc7 Rd6 30. f4 gxf4 31. Rf1 Kg5
32. Rg7+ Rg6 33. Rxg6+ Bxg6 34. Rxf4 Kxf4 35. g3+ Kxg3 36. a3 Re8 37. Kf1
Bd3+ { White resigns } 0-1

[Event "ICC tourney 2533 (25 5)"]
[Site "Internet Chess Club"]
[Date "2021.04.24"]
[Round "4"]
[White "UZ, KAGAN:K09-16434922"]
[Black "NGO, BACH:K09-15576043"]
[Result "0-1"]
[ICCResult "White resigns"]
[WhiteElo "1809"]
[BlackElo "2222"]
[Opening "Queen's pawn game"]
[ECO "D00"]
[NIC "QP.07"]
[Time "17:05:16"]
[PlyCount "114"]
[TimeControl "1500+5"]

1. d4 Nf6 2. Nc3 d5 3. Bf4 Bf5 4. f3 e6 5. g4 Bg6 6. h4 h5 7. g5 Ng8 8. e4
Bd6 9. Nge2 c6 10. Qd3 Ne7 11. O-O-O a6 12. Qe3 b5 13. Bxd6 Qxd6 14. e5 Qc7
15. Nf4 Bf5 16. Bh3 g6 17. Bxf5 Nxf5 18. Qe1 Nd7 19. Nd3 c5 20. dxc5 Nxc5
21. Nxc5 Qxc5 22. Qg1 Qc7 23. f4 O-O 24. Kb1 Rfc8 25. Rd2 Qc4 26. Qf2 Qb4
27. Rd3 Rc4 28. Ne2 Rac8 29. c3 Qa5 30. Nd4 Nxd4 31. Rxd4 b4 32. Rxc4 Rxc4
33. cxb4 Qxb4 34. Rf1 Kg7 35. Qh2 Re4 36. Qf2 a5 37. Qh2 a4 38. a3 Qc4 39.
Qf2 Re2 40. Qb6 Qc2+ 41. Ka1 Qd2 42. Qb4 Qxb4 43. axb4 Re4 44. Ka2 Rxb4 45.
Ka3 Rc4 46. b3 axb3 47. Kxb3 Kf8 48. Kb2 Ke7 49. Rf2 Kd7 50. Rf3 Kc6 51.
Rf2 Kc5 52. Rf3 Kd4 53. Rb3 Rc7 54. Rf3 Ke4 55. Rf1 Ke3 56. Kb3 d4 57. Kb4
Ke2 { White resigns } 0-1

[Event "ICC tourney 2533 (25 5)"]
[Site "Internet Chess Club"]
[Date "2021.04.24"]
[Round "4"]
[White "AMERINENI, SUNKRITH:K09-17355682"]
[Black "LIU, CATHERINE:K09-15277304"]
[Result "0-1"]
[ICCResult "White checkmated"]
[WhiteElo "629"]
[BlackElo "1143"]
[Opening "Sicilian defense"]
[ECO "B41"]
[NIC "SI.43"]
[Time "17:04:02"]
[PlyCount "120"]
[TimeControl "1500+5"]

1. e4 c5 2. Nf3 e6 3. d4 a6 4. c3 b5 5. Be3 d6 6. dxc5 dxc5 7. Qxd8+ Kxd8
8. Ne5 Ke8 9. Nd3 Nd7 10. a4 Bb7 11. f3 Ngf6 12. Nd2 Be7 13. Nf4 g5 14. Nh3
h6 15. axb5 axb5 16. Rxa8+ Bxa8 17. Bxb5 Nh7 18. Nb3 Kd8 19. Bxd7 Kxd7 20.
Nxc5+ Ke8 21. Nb3 f5 22. Bd4 Rg8 23. exf5 exf5 24. Kd2 Nf6 25. Re1 Kf7 26.
Nf2 Rb8 27. Nc5 Rxb2+ 28. Kc1 Rb8 29. Kc2 f4 30. Bxf6 Bxf6 31. Nd7 Rb5 32.
Nxf6 Kxf6 33. Ng4+ Kg7 34. Re5 Rb6 35. Re7+ Kg6 36. Ne5+ Kh5 37. Ng4 Kg6
38. Re4 Bxe4+ 39. fxe4 Re6 40. Kd3 Kh5 41. h3 Kg6 42. e5 h5 43. Nf2 Kf5 44.
Kd4 Rxe5 45. Nd3 Re2 46. c4 Rxg2 47. c5 f3 48. c6 Ke6 49. Ke3 g4 50. Nf4+
Kd6 51. Nxg2 fxg2 52. Kf2 gxh3 53. Kg1 Kxc6 54. Kh2 Kd5 55. Kg1 Ke4 56. Kh2
Ke3 57. Kg1 Ke2 58. Kh2 Kf1 59. Kxh3 g1=Q 60. Kh4 Qg4# { White checkmated }
0-1

[Event "ICC tourney 2533 (25 5)"]
[Site "Internet Chess Club"]
[Date "2021.04.24"]
[Round "4"]
[White "SHARMA, JEENAL:K09-16875641"]
[Black "HAUSER, EVAN:K09-16622553"]
[Result "1-0"]
[ICCResult "Black checkmated"]
[WhiteElo "686"]
[BlackElo "1231"]
[Opening "French: advance, Paulsen attack"]
[ECO "C02"]
[NIC "FR.03"]
[Time "17:05:46"]
[PlyCount "65"]
[TimeControl "1500+5"]

1. e4 e6 2. d4 d5 3. e5 c5 4. c3 Nc6 5. Nf3 Nge7 6. Bb5 Bd7 7. Ba4 Nf5 8.
Bc2 cxd4 9. cxd4 Be7 10. Nc3 Qb6 11. Ne2 O-O 12. O-O Rac8 13. b3 Nb4 14.
Bxf5 exf5 15. Ba3 f6 16. Bxb4 Qxb4 17. Rc1 Bb5 18. Rxc8 Rxc8 19. Re1 Qa3
20. exf6 gxf6 21. Qb1 Bb4 22. Rc1 Re8 23. Ng3 Bd3 24. Qa1 f4 25. Nf1 Re2
26. Rc7 Rxa2 27. Qd1 Bxf1 28. Nd2 Bd3 29. Qg4+ Bg6 30. Qc8+ Bf8 31. Qe6+
Bf7 32. Qxf7+ Kh8 33. Qxh7# { Black checkmated } 1-0

[Event "ICC tourney 2533 (25 5)"]
[Site "Internet Chess Club"]
[Date "2021.04.24"]
[Round "4"]
[White "OHLY, OLIVER:K09-16469982"]
[Black "BABENKO, ARIEL:K09-15837661"]
[Result "0-1"]
[ICCResult "White checkmated"]
[WhiteElo "1525"]
[BlackElo "979"]
[Opening "Catalan: closed, 5.Nf3"]
[ECO "E06"]
[NIC "CA.04"]
[Time "17:04:47"]
[PlyCount "60"]
[TimeControl "1500+5"]

1. d4 d5 2. c4 e6 3. Nf3 Nf6 4. g3 Be7 5. Bg2 O-O 6. O-O b6 7. Nc3 Bb7 8.
Ne5 Nbd7 9. Nxd7 Qxd7 10. Qc2 Rfd8 11. Rd1 c5 12. cxd5 exd5 13. dxc5 Bxc5
14. Qb3 Qe6 15. Bg5 h6 16. Bxf6 Qxf6 17. e3 Rab8 18. Bxd5 Bxd5 19. Nxd5 Qe5
20. Rd3 Rb7 21. Rad1 Kf8 22. Nf4 Rxd3 23. Qxd3 Rb8 24. Qd7 g5 25. Nd3 Qf6
26. Nxc5 bxc5 27. Qxa7 Rxb2 28. Qxc5+ Kg7 29. a4 Qxf2+ 30. Kh1 Qxh2# {
White checkmated } 0-1

[Event "ICC tourney 2533 (25 5)"]
[Site "Internet Chess Club"]
[Date "2021.04.24"]
[Round "4"]
[White "RALLABANDI, KRISHNA:K09-16752001"]
[Black "HE, STEPHEN:K09-14726703"]
[Result "0-1"]
[ICCResult "White resigns"]
[WhiteElo "1440"]
[BlackElo "2066"]
[Opening "Grünfeld: modern exchange variation"]
[ECO "D85"]
[NIC "GI.04"]
[Time "17:06:16"]
[PlyCount "76"]
[TimeControl "1500+5"]

1. d4 Nf6 2. c4 g6 3. Nc3 d5 4. cxd5 Nxd5 5. e4 Nxc3 6. bxc3 Bg7 7. Nf3 c5
8. Be3 Nc6 9. Rc1 O-O 10. d5 Ne5 11. Nxe5 Bxe5 12. Bxc5 Qa5 13. Bd4 Bxd4
14. Qxd4 Qxa2 15. Bc4 Qa3 16. O-O b6 17. Qd3 Qc5 18. Kh1 Bb7 19. f4 a6 20.
f5 Kg7 21. e5 f6 22. fxg6 hxg6 23. Bb3 fxe5 24. Qg3 Qd6 25. Rfe1 Rf5 26.
Bc2 Rh5 27. Re4 Bxd5 28. Rg4 Bf7 29. Rf1 Rh6 30. h4 Rah8 31. Kg1 Rd8 32. h5
Qc5+ 33. Rf2 Rd2 34. hxg6 Be6 35. Re4 Rxc2 36. Qxe5+ Qxe5 37. Rxe5 Rxf2 38.
Kxf2 Rxg6 { White resigns } 0-1

[Event "ICC tourney 2533 (25 5)"]
[Site "Internet Chess Club"]
[Date "2021.04.24"]
[Round "4"]
[White "WILLIAM STONE, VINCENT:K09-15537233"]
[Black "CHAKRAVARTY, ARITRO:K09-16061277"]
[Result "0-1"]
[ICCResult "White forfeits on time"]
[WhiteElo "2075"]
[BlackElo "1886"]
[Opening "Sicilian: Sveshnikov variation"]
[ECO "B33"]
[NIC "SI.38"]
[Time "17:03:43"]
[PlyCount "82"]
[TimeControl "1500+5"]

1. e4 c5 2. Nf3 Nc6 3. d4 cxd4 4. Nxd4 Nf6 5. Nc3 e6 6. Ndb5 d6 7. Bf4 e5
8. Bg5 a6 9. Na3 b5 10. Bxf6 gxf6 11. Nd5 f5 12. Bd3 Be6 13. c3 Rg8 14. Qf3
Bxd5 15. exd5 e4 16. Qxf5 Rg5 17. Qxe4+ Re5 18. dxc6 Rxe4+ 19. Bxe4 d5 20.
Bf5 Bxa3 21. Bd7+ Kf8 22. bxa3 Qe7+ 23. Kf1 Ra7 24. Re1 Qxa3 25. g3 Qxc3
26. Kg2 Qc4 27. Rc1 Qe4+ 28. Kh3 Rc7 29. Rhe1 Qa4 30. Re8+ Kg7 31. Rce1
Qxa2 32. f4 b4 33. R1e5 h6 34. Rb8 b3 35. Re3 d4 36. Rexb3 a5 37. R3b7 Rxc6
38. Bxc6 Qe6+ 39. Kh4 Qxc6 40. Rb6 Qe4 41. Rd8 Qe7+ { White forfeits on
time } 0-1

[Event "ICC tourney 2533 (25 5)"]
[Site "Internet Chess Club"]
[Date "2021.04.24"]
[Round "4"]
[White "KHATRI, AARUSHI:K09-17005313"]
[Black "SETHURAMAN, SANDEEP:K09-15472832"]
[Result "0-1"]
[ICCResult "White resigns"]
[WhiteElo "354"]
[BlackElo "2194"]
[Opening "Queen's pawn, Mason variation, Steinitz counter-gambit"]
[ECO "D00"]
[NIC "QP.08"]
[Time "17:04:56"]
[PlyCount "92"]
[TimeControl "1500+5"]

1. d4 d5 2. Bf4 c5 3. Nf3 cxd4 4. Nxd4 Nc6 5. e3 Nf6 6. h3 Qb6 7. Bb5 Bd7
8. a4 a6 9. Bxc6 bxc6 10. b3 e6 11. O-O Be7 12. c4 O-O 13. Nd2 Rfd8 14.
N2f3 c5 15. Ne2 dxc4 16. bxc4 Bc6 17. Ng5 Rxd1 18. Raxd1 h6 19. Rb1 Qa5 20.
Nf3 Bxf3 21. gxf3 Qxa4 22. Rfc1 Qc6 23. Kg2 a5 24. Nc3 a4 25. Nb5 Nd7 26.
Rc2 e5 27. Bg3 Bh4 28. Rd2 Bxg3 29. Rd6 Qc8 30. fxg3 a3 31. Ra1 a2 32. Rd2
Nb6 33. Nd6 Qe6 34. Kh2 Nxc4 35. Nxc4 Qxc4 36. Rb2 Qc3 37. Raxa2 Rxa2 38.
Rxa2 Qxe3 39. Kg2 c4 40. g4 c3 41. Ra8+ Kh7 42. Rc8 Qd2+ 43. Kg3 c2 44. Rc7
c1=Q 45. Rxc1 Qxc1 46. Kg2 Qd2+ { White resigns } 0-1

[Event "ICC tourney 2533 (25 5)"]
[Site "Internet Chess Club"]
[Date "2021.04.24"]
[Round "4"]
[White "TAMMALI, VAISHNAVI:K09-15025561"]
[Black "KANSARA, SATYEN:K09-16412456"]
[Result "1-0"]
[ICCResult "Black checkmated"]
[WhiteElo "1620"]
[BlackElo "461"]
[Opening "Pirc: classical (two knights) system"]
[ECO "B08"]
[NIC "PU.10"]
[Time "17:05:58"]
[PlyCount "97"]
[TimeControl "1500+5"]

1. e4 d6 2. d4 Nf6 3. Nc3 g6 4. Nf3 Bg7 5. Be3 Ng4 6. Qd2 Nxe3 7. Qxe3 O-O
8. O-O-O a5 9. e5 dxe5 10. dxe5 Nd7 11. e6 fxe6 12. Qxe6+ Kh8 13. Nd5 Nb6
14. Qxe7 Nxd5 15. Qc5 Bh6+ 16. Kb1 Nc3+ 17. Qxc3+ Qf6 18. Qxf6+ Rxf6 19.
Rd8+ Rf8 20. Rxf8+ Bxf8 21. Bc4 Bc5 22. Re1 Bg4 23. Ne5 Bxf2 24. Rf1 Re8
25. Nxg4 Re4 26. Nxf2 Rxc4 27. Nd3 Kg7 28. Kc1 Ra4 29. b3 Rh4 30. h3 a4 31.
Nc5 axb3 32. axb3 c6 33. Nxb7 Rb4 34. Nd8 Rb8 35. Nxc6 Ra8 36. Kb2 Rc8 37.
Nd4 Rd8 38. Ne6+ Kh6 39. Nxd8 Kg5 40. Ne6+ Kh6 41. b4 Kh5 42. b5 Kh4 43. b6
Kg3 44. b7 Kxg2 45. Rf7 h5 46. b8=Q Kxh3 47. Qb3+ Kg4 48. Qf3+ Kh4 49. Rf4#
{ Black checkmated } 1-0

[Event "ICC tourney 2533 (25 5)"]
[Site "Internet Chess Club"]
[Date "2021.04.24"]
[Round "4"]
[White "MAHAJAN, RUSHAAN:K09-15449416"]
[Black "MARTIN, DREW:K09-16062286"]
[Result "1-0"]
[ICCResult "Black checkmated"]
[WhiteElo "2209"]
[BlackElo "1903"]
[Opening "Réti: King's Indian attack"]
[ECO "A05"]
[NIC "QP.11"]
[Time "17:04:02"]
[PlyCount "79"]
[TimeControl "1500+5"]

1. Nf3 Nf6 2. g3 g6 3. b3 Bg7 4. Bb2 O-O 5. Bg2 d6 6. d4 Nbd7 7. O-O c6 8.
Nbd2 Qc7 9. a4 Re8 10. e4 e5 11. dxe5 dxe5 12. Qe2 Nf8 13. Nc4 N6d7 14.
Rfd1 Ne6 15. Nd6 Rd8 16. Ba3 Nd4 17. Nxd4 exd4 18. Nc4 Nb6 19. Nb2 Be6 20.
a5 Nc8 21. Nd3 Nd6 22. Bxd6 Qxd6 23. f4 Re8 24. Rf1 Rad8 25. Rae1 Qc7 26.
Qd2 c5 27. f5 Bc8 28. Qf2 b5 29. axb6 axb6 30. Kh1 b5 31. Nf4 Bb7 32. Nd5
Bxd5 33. exd5 Bh6 34. fxg6 hxg6 35. d6 Qd7 36. Bd5 Rxe1 37. Bxf7+ Kg7 38.
Qf6+ Kh7 39. Qxg6+ Kh8 40. Qxh6# { Black checkmated } 1-0

[Event "ICC tourney 2533 (25 5)"]
[Site "Internet Chess Club"]
[Date "2021.04.24"]
[Round "4"]
[White "ZONG, DAVIS:K09-14980186"]
[Black "LIU, BOWEN:K09-15459900"]
[Result "1/2-1/2"]
[ICCResult "Game drawn by repetition"]
[WhiteElo "2269"]
[BlackElo "1941"]
[Opening "Grünfeld: exchange variation"]
[ECO "D85"]
[NIC "GI.04"]
[Time "17:03:53"]
[PlyCount "66"]
[TimeControl "1500+5"]

1. d4 Nf6 2. c4 g6 3. Nc3 d5 4. cxd5 Nxd5 5. e4 Nxc3 6. bxc3 c5 7. Nf3 Bg7
8. Be2 Nc6 9. Be3 O-O 10. O-O Bg4 11. d5 Bxf3 12. Bxf3 Ne5 13. Bxc5 Nxf3+
14. Qxf3 Rc8 15. Qe3 b6 16. Bd4 Bxd4 17. Qxd4 Rc5 18. Rad1 Qc7 19. Rd3 Rc8
20. Rc1 Rc4 21. Qe3 b5 22. e5 b4 23. d6 exd6 24. exd6 Qd7 25. Qe7 Rd8 26.
Qe5 Qc6 27. d7 Rxc3 28. Rcxc3 bxc3 29. Rd6 Qb7 30. Qe8+ Kg7 31. Qe5+ Kg8
32. Qe8+ Kg7 33. Qe5+ Kg8 { Game drawn by repetition } 1/2-1/2

[Event "ICC tourney 2533 (25 5)"]
[Site "Internet Chess Club"]
[Date "2021.04.24"]
[Round "4"]
[White "TERANCE JOE HESTON, NITISH JOSON:K09-17107894"]
[Black "S DINGLASAN, MATTHEW:K09-15748615"]
[Result "0-1"]
[ICCResult "White resigns"]
[WhiteElo "1041"]
[BlackElo "1569"]
[Opening "QGD Slav: 4.Nc3"]
[ECO "D15"]
[NIC "SL.03"]
[Time "17:05:58"]
[PlyCount "82"]
[TimeControl "1500+5"]

1. d4 d5 2. c4 c6 3. Nc3 Nf6 4. Nf3 Bf5 5. Bf4 e6 6. e3 Be7 7. Bd3 Bg6 8.
O-O Nbd7 9. h3 O-O 10. Bxg6 hxg6 11. Qd3 Re8 12. a3 Rc8 13. b4 dxc4 14.
Qxc4 Nd5 15. Bg3 N7b6 16. Qd3 Bd6 17. Bxd6 Qxd6 18. e4 Nxc3 19. Qxc3 Rcd8
20. Rfe1 Nd7 21. Rac1 e5 22. dxe5 Nxe5 23. Nxe5 Rxe5 24. Rcd1 Qxd1 25. Rxd1
Rxd1+ 26. Kh2 Rxe4 27. Qc5 a6 28. Qa7 Re7 29. Qb8+ Kh7 30. Qf4 Red7 31. g4
R1d3 32. Qc1 Rf3 33. Kg2 Rdd3 34. a4 Rxh3 35. Qf4 f6 36. Qe4 Ra3 37. f3
Rhxf3 38. Qe7 Rfb3 39. Qe2 Rxa4 40. Qc2 Raxb4 41. Qd2 Rb2 { White resigns }
0-1

[Event "ICC tourney 2533 (25 5)"]
[Site "Internet Chess Club"]
[Date "2021.04.24"]
[Round "4"]
[White "KUMAR MULPURI, PARTHIV:K09-16906012"]
[Black "BERGSTEDT, SAWYER:K09-16355805"]
[Result "1-0"]
[ICCResult "Black checkmated"]
[WhiteElo "1006"]
[BlackElo "440"]
[Opening "Sicilian"]
[ECO "B54"]
[NIC "SI.01"]
[Time "17:06:17"]
[PlyCount "67"]
[TimeControl "1500+5"]

1. e4 c5 2. Nf3 d6 3. d4 cxd4 4. Nxd4 Nc6 5. Nc3 a6 6. Bc4 g6 7. Nxc6 bxc6
8. O-O Bg7 9. Be3 Bb7 10. Bd4 Nf6 11. e5 O-O 12. exf6 exf6 13. Qd2 c5 14.
Be3 f5 15. Rad1 Qh4 16. Bd5 Be5 17. g3 Qb4 18. Bxb7 Qxb7 19. b3 a5 20. a4
Rfd8 21. Qd5 Qb4 22. Nb5 c4 23. f4 Rab8 24. fxe5 dxe5 25. Qxc4 Rxd1 26.
Rxd1 Qe7 27. Qc7 Qf8 28. Bc5 Qe8 29. Nd6 Qd8 30. Qxf7+ Kh8 31. Qe6 Qc7 32.
Qxe5+ Kg8 33. Bd4 Rd8 34. Qh8# { Black checkmated } 1-0

[Event "ICC tourney 2533 (25 5)"]
[Site "Internet Chess Club"]
[Date "2021.04.24"]
[Round "4"]
[White "XINZHE ZHANG, ALEXANDER:K09-16588540"]
[Black "FRANCISCO VARELA, CARLOS:K09-16399805"]
[Result "0-1"]
[ICCResult "White checkmated"]
[WhiteElo "1297"]
[BlackElo "2011"]
[Opening "Giuoco Pianissimo: Canal variation"]
[ECO "C23"]
[NIC "IG.04"]
[Time "17:06:36"]
[PlyCount "124"]
[TimeControl "1500+5"]

1. e4 e5 2. Bc4 Nc6 3. Nc3 Bc5 4. Nf3 Nf6 5. d3 d6 6. Bg5 Be6 7. Nd5 Bxd5
8. Bxd5 h6 9. Bxf6 Qxf6 10. O-O g5 11. h3 h5 12. Nh2 O-O-O 13. Qf3 Qxf3 14.
Nxf3 f6 15. a3 Ne7 16. Be6+ Kb8 17. b4 Bb6 18. a4 c6 19. a5 Bc7 20. c4 d5
21. exd5 cxd5 22. Nd2 Rd6 23. cxd5 Nxd5 24. Bxd5 Rxd5 25. Ra3 Bd8 26. Ne4
Be7 27. Rb3 Rhd8 28. Rd1 h4 29. Kf1 f5 30. Nc5 Bxc5 31. bxc5 Rxc5 32. Rdb1
Rd7 33. Rb5 Rcd5 34. Ke2 a6 35. Rxd5 Rxd5 36. Ra1 b5 37. axb6 Kb7 38. Ke3
Kxb6 39. Rd1 a5 40. Rb1+ Rb5 41. Ra1 Rb2 42. Re1 a4 43. Ra1 Kb5 44. g3 Rb3
45. Ke2 a3 46. gxh4 gxh4 47. Ke3 Kb4 48. f4 exf4+ 49. Kxf4 Rxd3 50. Kxf5
Rxh3 51. Kg4 Rh2 52. Rb1+ Rb2 53. Ra1 a2 54. Rxa2 Rxa2 55. Kxh4 Rg2 56. Kh3
Rg8 57. Kh4 Kc4 58. Kh5 Kd4 59. Kh4 Ke3 60. Kh5 Kf4 61. Kh6 Kf5 62. Kh5
Rh8# { White checkmated } 0-1

[Event "ICC tourney 2533 (25 5)"]
[Site "Internet Chess Club"]
[Date "2021.04.24"]
[Round "4"]
[White "SKY MOERLIEN, PUWIT:K09-15664335"]
[Black "MIXON, OZAN:K09-16976458"]
[Result "1-0"]
[ICCResult "Black checkmated"]
[WhiteElo "1671"]
[BlackElo "822"]
[Opening "QGD Slav: Dutch variation"]
[ECO "D18"]
[NIC "SL.05"]
[Time "17:04:37"]
[PlyCount "105"]
[TimeControl "1500+5"]

1. d4 d5 2. c4 c6 3. Nf3 Nf6 4. Nc3 dxc4 5. a4 Bf5 6. e3 e6 7. Bxc4 Bb4 8.
O-O Nbd7 9. Qe2 Bxc3 10. bxc3 O-O 11. Ba3 Re8 12. Bd3 Nb6 13. Bxf5 exf5 14.
Bb2 f4 15. Ne5 fxe3 16. fxe3 c5 17. a5 Nbd7 18. Nc4 Ne4 19. Nd2 cxd4 20.
cxd4 Qe7 21. Nxe4 Qxe4 22. Rae1 Re6 23. Rf4 Qxf4 24. exf4 Rxe2 25. Rxe2 Kf8
26. Ba3+ Kg8 27. Re7 Nf6 28. Rxb7 a6 29. Bd6 h6 30. Rb8+ Rxb8 31. Bxb8 Kh7
32. Kf2 Kg6 33. Kf3 Kf5 34. Be5 g5 35. Bxf6 Kxf6 36. fxg5+ hxg5 37. Ke4 Ke6
38. g4 Kd6 39. Kf5 Kd5 40. Kxg5 Kxd4 41. h4 Ke5 42. h5 f6+ 43. Kg6 Ke6 44.
h6 Ke7 45. h7 f5 46. gxf5 Ke8 47. h8=Q+ Kd7 48. Qf6 Kc7 49. Qxa6 Kb8 50.
Qb6+ Kc8 51. Qa7 Kd8 52. f6 Ke8 53. Qe7# { Black checkmated } 1-0

[Event "ICC tourney 2533 (25 5)"]
[Site "Internet Chess Club"]
[Date "2021.04.24"]
[Round "4"]
[White "RAJARAM, ANIKA:K09-15446678"]
[Black "KANKEYAN, RISHEETH:K09-16597998"]
[Result "1-0"]
[ICCResult "Black checkmated"]
[WhiteElo "1858"]
[BlackElo "1055"]
[Opening "QGD: Marshall defense"]
[ECO "A50"]
[NIC "QP.07"]
[Time "17:03:32"]
[PlyCount "95"]
[TimeControl "1500+5"]

1. d4 Nf6 2. c4 d5 3. cxd5 Nxd5 4. e4 Nb6 5. Nc3 e6 6. Nf3 Bb4 7. Bd3 Nc6
8. O-O O-O 9. Bc2 Ne7 10. a3 Bxc3 11. bxc3 Nd7 12. Qd3 g6 13. e5 b6 14. Bg5
Bb7 15. Nd2 Re8 16. Ne4 Bxe4 17. Qxe4 c5 18. Qh4 Rc8 19. Rad1 cxd4 20. Qxd4
Nc6 21. Qd2 Qc7 22. Qxd7 Nxe5 23. Qxc7 Rxc7 24. Bf4 Rc5 25. Bxe5 Rxe5 26.
Rd7 Ra8 27. f3 Ra5 28. a4 Rc8 29. Rd3 Rac5 30. Rfd1 Rxc3 31. Rxc3 Rxc3 32.
Bd3 Kg7 33. Bb5 Rc7 34. Kf2 Kf6 35. Ke3 Ke5 36. f4+ Kf6 37. Rd4 e5 38. Rd6+
Ke7 39. fxe5 f5 40. Kd4 Rc1 41. Rd7+ Kf8 42. Rxa7 Rd1+ 43. Kc4 Rd2 44. Rxh7
Rxg2 45. Kd5 Rd2+ 46. Ke6 f4 47. Kf6 f3 48. Rh8# { Black checkmated } 1-0

[Event "ICC tourney 2533 (25 5)"]
[Site "Internet Chess Club"]
[Date "2021.04.24"]
[Round "4"]
[White "SU, THEODORE:K09-16995458"]
[Black "MALLADI, SADKRITH:K09-15797710"]
[Result "0-1"]
[ICCResult "White resigns"]
[WhiteElo "1279"]
[BlackElo "1897"]
[Opening "Sicilian: accelerated fianchetto, modern variation"]
[ECO "B34"]
[NIC "SI.33"]
[Time "17:03:58"]
[PlyCount "120"]
[TimeControl "1500+5"]

1. e4 c5 2. Nf3 Nc6 3. d4 cxd4 4. Nxd4 g6 5. Nc3 Bg7 6. Be3 Nf6 7. Nb3 O-O
8. f3 d6 9. Qd2 Be6 10. O-O-O Rc8 11. g4 Ne5 12. Be2 Bc4 13. h4 Bxe2 14.
Qxe2 Rxc3 15. bxc3 Qc7 16. Bd4 Rc8 17. h5 Bh6+ 18. Kb1 Bf4 19. hxg6 fxg6
20. Qg2 a5 21. g5 Nh5 22. Rxh5 gxh5 23. Qh3 Qd7 24. Qxh5 Nc4 25. g6 e5 26.
gxh7+ Kh8 27. Rg1 Qxh7 28. Qg4 Rg8 29. Qxg8+ Qxg8 30. Rxg8+ Kxg8 31. Bf2 a4
32. Nc1 Nd2+ 33. Kb2 Nxf3 34. Ne2 Nd2 35. Ka3 Nxe4 36. Bb6 Bd2 37. Kxa4
Nxc3+ 38. Nxc3 Bxc3 39. Kb5 Kf7 40. Be3 d5 41. Kc5 d4 42. Bg1 Ke6 43. Kb6
e4 44. Bf2 e3 45. Bg3 e2 46. Kxb7 e1=Q 47. Bxe1 Bxe1 48. Kb6 Kd5 49. Kb5
Bc3 50. a4 Kd6 51. Kb6 Kd7 52. Kb5 Kc7 53. Kc5 Kb7 54. Kb5 Ka7 55. Kc4 Kb6
56. Kb3 Kc5 57. a5 Bxa5 58. Kb2 Kc4 59. Kc1 Kc3 60. Kd1 Kb2 { White resigns
} 0-1

[Event "ICC tourney 2533 (25 5)"]
[Site "Internet Chess Club"]
[Date "2021.04.24"]
[Round "4"]
[White "RAJESH, RISHAN:K09-16815148"]
[Black "V MEHTA, SOHUM:K09-15597521"]
[Result "0-1"]
[ICCResult "White checkmated"]
[WhiteElo "765"]
[BlackElo "1439"]
[Opening "Sicilian defense"]
[ECO "B40"]
[NIC "SI.43"]
[Time "17:04:06"]
[PlyCount "130"]
[TimeControl "1500+5"]

1. e4 c5 2. Nf3 e6 3. Be2 a6 4. O-O Qc7 5. c4 Nc6 6. Nc3 b6 7. d4 cxd4 8.
Nxd4 Bb7 9. g3 Nf6 10. Nxc6 Bxc6 11. Bf4 d6 12. Bf3 Rd8 13. Bg2 Be7 14. Qc2
O-O 15. Rad1 Bb7 16. b3 e5 17. Be3 b5 18. cxb5 axb5 19. Qb2 Rc8 20. Nxb5
Qc6 21. Na3 Nxe4 22. Nc4 Qc7 23. Rc1 Qd8 24. Rfd1 f5 25. Nxe5 Bf6 26. Bd4
dxe5 27. Bxe5 Rxc1 28. Qxc1 Qa5 29. Bxf6 Rxf6 30. h3 h6 31. Qf4 Rf8 32. g4
Qc5 33. gxf5 Rxf5 34. Rd8+ Kh7 35. Bxe4 Bxe4 36. Qxe4 Qxf2+ 37. Kh1 Qf1+
38. Kh2 Qf2+ 39. Qg2 Qf4+ 40. Kh1 Qc1+ 41. Qg1 Rf1 42. Qxf1 Qxf1+ 43. Kh2
Qf4+ 44. Kg2 Qg5+ 45. Kf1 Qxd8 46. Ke2 Qa5 47. a4 Qb4 48. Kd3 Qxb3+ 49. Ke4
Qxa4+ 50. Kf5 g6+ 51. Kf6 Qf4+ 52. Ke6 Qe3+ 53. Kf7 Qxh3 54. Kf8 g5 55. Kf7
g4 56. Kf8 g3 57. Kf7 g2 58. Kf8 g1=Q 59. Kf7 Qf3+ 60. Ke6 Qe1+ 61. Kd6
Qd3+ 62. Kc5 Qc1+ 63. Kb4 Qdb1+ 64. Ka4 Qcb2 65. Ka5 Q2a2# { White
checkmated } 0-1

[Event "ICC tourney 2533 (25 5)"]
[Site "Internet Chess Club"]
[Date "2021.04.24"]
[Round "4"]
[White "JIANG, NICHOLAS:K09-15273385"]
[Black "LI, HARVEY:K09-16806831"]
[Result "1-0"]
[ICCResult "Black checkmated"]
[WhiteElo "1985"]
[BlackElo "1756"]
[Opening "Scandinavian defense"]
[ECO "B01"]
[NIC "SD.03"]
[Time "17:06:31"]
[PlyCount "151"]
[TimeControl "1500+5"]

1. e4 d5 2. exd5 Nf6 3. d4 Bg4 4. Be2 Bxe2 5. Nxe2 Qxd5 6. O-O e6 7. Nbc3
Qh5 8. Bf4 c6 9. Qd3 Nbd7 10. Ng3 Qg6 11. Qe2 Be7 12. Rfe1 Nb6 13. Nce4
Nbd5 14. Bd6 Nxe4 15. Nxe4 Rd8 16. Bxe7 Nxe7 17. Rad1 O-O 18. c3 Nd5 19.
Qf3 Rfe8 20. a3 Qf5 21. Qg3 Qg6 22. Qe5 Re7 23. Nc5 Qf6 24. Qg3 Qg6 25.
Qxg6 hxg6 26. h4 b6 27. Nd3 Red7 28. Ne5 Rd6 29. g3 Nf6 30. Kg2 c5 31. Rc1
cxd4 32. cxd4 Nd5 33. Nc6 R8d7 34. b4 Rc7 35. Ne5 Rxc1 36. Rxc1 Rd8 37. Kf3
Kf8 38. Ke4 Nf6+ 39. Kd3 Nd5 40. f4 f6 41. Nxg6+ Kf7 42. h5 f5 43. Ne5+ Kg8
44. Rc6 Nf6 45. Rxe6 Nxh5 46. Rg6 Nf6 47. Rg5 Ne4 48. Rxf5 Nxg3 49. Rg5 Nf1
50. Rg1 Nh2 51. Rh1 Rf8 52. Rxh2 Rxf4 53. Rh8+ Kxh8 54. Ng6+ Kg8 55. Nxf4
Kf7 56. Ke4 Ke7 57. d5 a5 58. Ke5 g5 59. Ng6+ Kd7 60. d6 g4 61. Kd5 g3 62.
Ne5+ Kd8 63. Ke6 g2 64. Nf3 axb4 65. axb4 b5 66. d7 Kc7 67. Ke7 Kc6 68.
d8=Q g1=Q 69. Nxg1 Kb7 70. Qd7+ Kb6 71. Kd6 Ka6 72. Nf3 Kb6 73. Nd2 Ka6 74.
Nb3 Kb6 75. Qc7+ Ka6 76. Nc5# { Black checkmated } 1-0